 Dungeon Crawl Stone Soup version 0.26-a0-466-g989023bd0d (webtiles) character file.

Game seed: 5745577572871336383

8273 Gargoyl the Fighter (level 11, -9/89 HPs)
             Began as a Gnoll Abyssal Knight on July 29, 2020.
             Was a Priest of Lugonu.
             Mangled by an ogre
             ... wielding a +0 giant club
              (17 damage)
             ... on level 10 of the Dungeon.
             The game lasted 00:18:44 (13036 turns).

Gargoyl the Fighter (Gnoll Abyssal Knight)         Turns: 13036, Time: 00:18:45

Health: -9/89      AC: 23    Str: 20    XL:     11   Next: 28%
Magic:  12/20      EV:  6    Int: 14    God:    Lugonu [***...]
Gold:   371        SH: 11    Dex: 19    Spells: 22/22 levels left

rFire    + . .     SeeInvis .   z - +3 flail (protect)
rCold    + + .     Faith    .   n - +2 shield of Resistance {rF+ rC+ MR+}
rNeg     . . .     Spirit   .   w - +2 chain mail {MR+}
rPois    .         Reflect  .   (no helmet)
rElec    .         Harm     .   A - +1 cloak {rCorr}
rCorr    +                      (no gloves)
MR       ++...                  s - +2 pair of boots
Stlth    ..........             (no amulet)
HPRegen  0.24/turn              l - +6 ring of strength
MPRegen  0.17/turn              t - +4 ring of protection

@: protection aura, very heavily drained
A: distributed training, fangs 1, cold resistance 1, deformed body, evolution 1,
strong nose
a: Depart the Abyss, Bend Space, Banish, Renounce Religion


You were on level 10 of the Dungeon.
You worshipped Lugonu.
Lugonu was most pleased with you.
You visited 1 branch of the dungeon, and saw 10 of its levels.
You visited the Abyss 1 time.
You also visited: Sewer.

You collected 371 gold pieces.

Inventory:

Hand Weapons
 a - a +3 hand axe
 z - a +3 flail of protection (weapon)
 G - a +0 hand axe of flaming
Missiles
 o - 3 boomerangs (quivered)
Armour
 n - the +2 shield of Resistance (worn) {rF+ rC+ MR+}
   (You found it on level 9 of the Dungeon)

   It protects you from fire.
   It protects you from cold.
   It affects your resistance to hostile enchantments.
 s - a +2 pair of boots (worn)
 w - a +2 chain mail of magic resistance (worn)
 A - a +1 cloak of preservation (worn)
Jewellery
 l - a +6 ring of strength (left hand)
 t - a +4 ring of protection (right hand)
 B - an uncursed ring of protection from magic
 D - an uncursed amulet of the acrobat
 H - an uncursed amulet of faith
 I - an uncursed amulet of reflection
Wands
 e - a wand of iceblast (9)
 p - a wand of digging (6)
 u - a wand of polymorph (18)
 v - a wand of random effects (17)
 F - a wand of acid (8)
 J - a wand of clouds (7)
Scrolls
 b - 4 scrolls of remove curse
 f - a scroll of identify
 g - 5 scrolls of teleportation
 h - 2 scrolls of blinking
 y - 2 scrolls of fog
Potions
 c - 2 potions of haste
 d - a potion of cancellation
 i - a potion of stabbing
 j - 2 potions of might
 k - a potion of ambrosia
 m - 2 potions of curing
 q - a potion of mutation
 r - a potion of magic
 C - 2 potions of brilliance
 E - 2 potions of degeneration {unknown}
 K - a potion of berserk rage {unknown}


   Skills:
 + Level 9.1(4.8) Fighting
 + Level 6.1(2.1) Short Blades
 + Level 6.1(2.1) Long Blades
 + Level 7.7(3.6) Axes
 + Level 6.1(2.1) Maces & Flails
 + Level 6.1(2.1) Polearms
 + Level 6.1(2.1) Staves
 + Level 6.1(2.1) Slings
 + Level 6.1(2.1) Bows
 + Level 6.1(2.1) Crossbows
 + Level 6.1(2.1) Throwing
 + Level 7.7(3.6) Armour
 + Level 6.7(2.7) Dodging
 + Level 6.1(2.1) Stealth
 + Level 6.1(2.1) Shields
 + Level 6.1(2.1) Unarmed Combat
 + Level 6.1(2.1) Spellcasting
 + Level 5.1(1.2) Conjurations
 + Level 5.1(1.2) Hexes
 + Level 5.1(1.2) Summonings
 + Level 5.1(1.2) Necromancy
 + Level 5.1(1.2) Translocations
 + Level 5.1(1.2) Transmutations
 + Level 5.1(1.2) Fire Magic
 + Level 5.1(1.2) Ice Magic
 + Level 5.1(1.2) Air Magic
 + Level 5.1(1.2) Earth Magic
 + Level 5.1(1.2) Poison Magic
 + Level 8.2(4.0) Invocations
 + Level 6.1(2.1) Evocations


You had 22 spell levels left.
You didn't know any spells.
Your spell library contained the following spells:

 Spells                   Type           Power        Failure   Level
 Beastly Appendage        Tmut           #.....       100%        1
 Magic Dart               Conj           #...         100%        1
 Blink                    Tloc           N/A          100%        2
 Call Imp                 Summ           #.......     100%        2
 Searing Ray              Conj           #.....       100%        2
 Slow                     Hex            #.......     100%        2
 Wereblood                Tmut           #.......     100%        2
 Conjure Flame            Conj/Fire      #.......     100%        3
 Dazzling Flash           Conj/Hex       #.....       100%        3
 Mephitic Cloud           Conj/Pois/Air  #.......     100%        3
 Spider Form              Tmut/Pois      #.........   100%        3
 Fulminant Prism          Conj/Hex       #.........   100%        4
 Ice Form                 Ice/Tmut       #.......     100%        4
 Iskenderun's Mystic Bla  Conj/Tloc      #.......     100%        4
 Blade Hands              Tmut           #.........   100%        5


Dungeon Overview and Level Annotations

Branches:
Dungeon (10/15)            Temple (0/1) D:5           Sewer (visited)
   Lair: D:8-11         Orc: D:9-12

Altars:
Cheibriados
Dithmenos
Elyvilon
Kikubaaqudgha
Okawaru
Sif Muna
Trog
Wu Jian
Xom
Yredelemnul

Annotations:
D:9 2 runed translucent doors, corrupted
D:10 corrupted, Sonja
Abyss:1 Pikel


Innate Abilities, Weirdness & Mutations

Your experience applies equally to all skills.
You have very sharp teeth.
Your uncanny sense of smell can sniff out nearby items.
Your flesh is cold resistant. (rC+)
Armour fits poorly on your strangely shaped body.
You evolve.


Message History

The raiju bites Nergalle but does no damage.
The ufetubus hits Nergalle but does no damage. x2
The small abomination hits something!
The spectral orc warrior disappears in a puff of smoke!
You feel a bit more experienced.
The raiju bites something!
A starcursed mass splits.
The ogre shouts!
There is an open door here.
You block the ogre's attack.
You sock the ogre!
Your weapon exudes an aura of protection.
The ogre is heavily wounded.
The ogre barely misses you.
You hit the ogre.
The ogre is severely wounded.
A starcursed mass splits.
The ogre hits you but does no damage.
You hit the ogre.
The ogre is almost dead.
The ogre hits you with a +0 giant club!
You die...

#.#
#...........#
####.####
##+##########
#.......#
#.#####.#
#.#.# #
##+########
#.#.#
#.........#
..#.#
#.........#
###.#
+.........###
#.h.#
#..@O.....'..
#.###.#
#.........#
#.....#
#.........#
#.#####
#......X..#
#.#
#######'###
#.## ###...#
#..# ##X..###
##'######
#.+######
........#
##.......#


You could see an ogre and a neutral starcursed mass (summoned).

Vanquished Creatures
  Harold (D:6)
  A two-headed ogre (D:9)
  Prince Ribbit (D:6)
  A hippogriff (D:9)
  Sigmund (D:4)
  A wraith (D:9)
  3 yaks (D:9)
  Eustachio (D:6)
  Edmund (D:6)
  A water moccasin (D:9)
  Purgy (D:4)
  4 orc warriors
  An eye of draining (D:8)
  2 black bears
  3 ice beasts
  3 ogres
  3 phantoms
  A sky beast (D:6)
  A necrophage (D:9)
  6 centaurs
  A lemure (D:6)
  2 crocodiles
  2 big kobolds
  Blork the orc (D:4)
  2 bullfrogs
  A gnoll sergeant (D:7)
  5 killer bees (D:9)
  5 wights
  3 howler monkeys
  A quasit (D:7)
  2 bullfrog skeletons
  4 hounds
  6 orc priests
  Crazy Yiuf (D:6)
  3 jellies (D:6)
  8 orc wizards
  A centaur skeleton (D:4)
  3 iguanas
  Ijyb (D:3)
  5 worker ants
  A howler monkey skeleton (D:8)
  19 adders
  8 gnolls
  A river rat (D:6)
  5 shadow imps
  A white imp (D:5)
  3 ufetubi
  2 oozes
  An adder zombie (D:5)
  2 adder skeletons
  3 worms
  3 dart slugs
  6 leopard geckos
  26 orcs
  5 ball pythons
  3 giant cockroaches
  2 gnoll zombies (D:9)
  15 goblins
  10 hobgoblins
  19 jackals
  A quokka (D:3)
  A ball python skeleton (D:4)
  5 bats
  9 frilled lizards
  A jackal skeleton (D:8)
  15 kobolds
  A leopard gecko skeleton (D:5)
  A leopard gecko zombie (D:6)
  3 rats
266 creatures vanquished.

Vanquished Creatures (others)
  2 fire dragons (D:9)
  2 ice dragons (D:9)
  Nergalle (D:10)
  An orc warrior (D:10)
  An orc priest (D:10)
  3 orcs
10 creatures vanquished.

Grand Total: 276 creatures vanquished

Notes
Turn   | Place    | Note
-------+----------+-------------------------------------------
     0 | Abyss:1  | Gargoyl the Gnoll Abyssal Knight began the quest for the
                  | Orb.
     0 | Abyss:1  | Reached XP level 1. HP: 23/23 MP: 3/3
    88 | Abyss:1  | Noticed a worldbinder
    90 | Abyss:1  | Noticed an orc priest
    92 | Abyss:1  | Noticed a warg
    92 | Abyss:1  | Noticed an orc priest
    92 | Abyss:1  | Noticed a warg
   209 | Abyss:1  | Noticed a worldbinder
   220 | Abyss:1  | Noticed a deep elf mage
   221 | Abyss:1  | Noticed a deep elf archer
   221 | D:1      | Escaped the Abyss
   243 | D:1      | Reached XP level 2. HP: 22/29 MP: 5/5
   654 | D:1      | Reached XP level 3. HP: 35/35 MP: 6/6
  1213 | D:2      | Reached * piety under Lugonu
  1385 | D:2      | Reached skill level 1 in Short Blades
  1385 | D:2      | Reached skill level 1 in Long Blades
  1385 | D:2      | Reached skill level 1 in Maces & Flails
  1385 | D:2      | Reached skill level 1 in Polearms
  1385 | D:2      | Reached skill level 1 in Staves
  1385 | D:2      | Reached skill level 1 in Slings
  1385 | D:2      | Reached skill level 1 in Bows
  1385 | D:2      | Reached skill level 1 in Crossbows
  1385 | D:2      | Reached skill level 1 in Throwing
  1385 | D:2      | Reached skill level 1 in Stealth
  1385 | D:2      | Reached skill level 1 in Shields
  1385 | D:2      | Reached skill level 1 in Unarmed Combat
  1385 | D:2      | Reached skill level 1 in Spellcasting
  1385 | D:2      | Reached skill level 1 in Evocations
  1387 | D:2      | Reached XP level 4. HP: 38/41 MP: 7/7
  1772 | D:2      | Reached skill level 1 in Conjurations
  1772 | D:2      | Reached skill level 1 in Hexes
  1772 | D:2      | Reached skill level 1 in Summonings
  1772 | D:2      | Reached skill level 1 in Necromancy
  1772 | D:2      | Reached skill level 1 in Translocations
  1772 | D:2      | Reached skill level 1 in Transmutations
  1772 | D:2      | Reached skill level 1 in Fire Magic
  1772 | D:2      | Reached skill level 1 in Ice Magic
  1772 | D:2      | Reached skill level 1 in Air Magic
  1772 | D:2      | Reached skill level 1 in Earth Magic
  1772 | D:2      | Reached skill level 1 in Poison Magic
  2188 | D:3      | Reached XP level 5. HP: 47/47 MP: 8/8
  2354 | D:3      | Reached ** piety under Lugonu
  2912 | D:3      | Found a bloodstained altar of Trog.
  2915 | D:3      | Noticed Ijyb
  2934 | D:3      | Killed Ijyb
  3444 | D:4      | Noticed an ogre
  3456 | D:4      | Killed an ogre
  3456 | D:4      | Reached skill level 5 in Axes
  3456 | D:4      | Reached skill level 5 in Armour
  3456 | D:4      | Reached skill level 5 in Invocations
  3456 | D:4      | Reached XP level 6. HP: 21/53 MP: 9/9
  3762 | D:4      | Noticed Sigmund
  3788 | D:4      | Killed Sigmund
  3788 | D:4      | Reached skill level 7 in Fighting
  3788 | D:4      | Reached XP level 7. HP: 30/60 MP: 10/10
  4036 | D:4      | Noticed Purgy
  4069 | D:4      | Killed Purgy
  4414 | D:4      | Noticed Blork the orc
  4434 | D:4      | Killed Blork the orc
  4609 | D:4      | Found a snail-covered altar of Cheibriados.
  4806 | D:4      | Reached XP level 8. HP: 62/67 MP: 12/12
  4914 | D:4      | Found a white marble altar of Elyvilon.
  5067 | D:4      | Found a shimmering blue altar of Sif Muna.
  5069 | D:4      | Found an iron altar of Okawaru.
  5123 | D:5      | Entered Level 5 of the Dungeon
  5966 | D:5      | Reached *** piety under Lugonu
  5990 | D:5      | Found a staircase to the Ecumenical Temple.
  6208 | D:6      | Noticed Eustachio
  6227 | D:6      | Killed Eustachio
  6281 | D:6      | Found a glowing drain.
  6333 | D:6      | Reached XP level 9. HP: 72/72 MP: 14/14
  6344 | Sewer    | Entered a sewer
  6931 | D:6      | Found an ornate altar of the Wu Jian Council.
  7011 | D:6      | Noticed Pikel
  7032 | D:6      | Banished Pikel
  7032 | D:6      | Reached skill level 5 in Dodging
  7354 | D:6      | Noticed Edmund
  7379 | D:6      | Killed Edmund
  7463 | D:6      | Found a shadowy altar of Dithmenos.
  7537 | D:6      | Reached skill level 8 in Fighting
  7620 | D:6      | Found a runed translucent door.
  7621 | D:6      | Noticed Crazy Yiuf
  7628 | D:6      | Killed Crazy Yiuf
  7806 | D:7      | Noticed Harold
  7901 | D:7      | Noticed Prince Ribbit
  8242 | D:6      | Killed Prince Ribbit
  8242 | D:6      | Reached XP level 10. HP: 49/80 MP: 17/17
  8421 | D:6      | Killed Harold
  8421 | D:6      | Reached **** piety under Lugonu
  8421 | D:6      | Reached skill level 5 in Short Blades
  8421 | D:6      | Reached skill level 5 in Long Blades
  8421 | D:6      | Reached skill level 5 in Maces & Flails
  8421 | D:6      | Reached skill level 5 in Polearms
  8421 | D:6      | Reached skill level 5 in Staves
  8421 | D:6      | Reached skill level 5 in Slings
  8421 | D:6      | Reached skill level 5 in Bows
  8421 | D:6      | Reached skill level 5 in Crossbows
  8421 | D:6      | Reached skill level 5 in Throwing
  8421 | D:6      | Reached skill level 5 in Stealth
  8421 | D:6      | Reached skill level 5 in Shields
  8421 | D:6      | Reached skill level 5 in Unarmed Combat
  8421 | D:6      | Reached skill level 5 in Spellcasting
  8421 | D:6      | Reached skill level 5 in Evocations
  9439 | D:8      | Gained mutation: Your flesh is cold resistant. (rC+)
                  | [potion of mutation]
  9439 | D:8      | Gained mutation: Armour fits poorly on your strangely
                  | shaped body. [potion of mutation]
  9439 | D:8      | Gained mutation: You evolve. [potion of mutation]
  9490 | D:8      | Found an ancient bone altar of Kikubaaqudgha.
  9603 | D:8      | Noticed a two-headed ogre
 10069 | D:9      | Killed a two-headed ogre
 10463 | D:8      | Reached XP level 11. HP: 73/87 MP: 19/19
 10991 | D:9      | Found a shimmering altar of Xom.
 10992 | D:9      | Found a shimmering altar of Xom.
 10993 | D:9      | Found a shimmering altar of Xom.
 10993 | D:9      | Found a shimmering altar of Xom.
 10994 | D:9      | Found a shimmering altar of Xom.
 11008 | D:9      | Found a runed translucent door.
 11008 | D:9      | Noticed an ice dragon
 11008 | D:9      | Noticed a fire dragon
 11009 | D:9      | Noticed a fire dragon
 11010 | D:9      | Noticed an ice dragon
 11012 | D:9      | Found the +2 shield of Resistance {rF+ rC+ MR+}
 11021 | D:9      | Found a runed translucent door.
 11094 | D:9      | Reached skill level 9 in Fighting
 11105 | D:9      | Reached ***** piety under Lugonu
 11335 | D:9      | Reached skill level 5 in Conjurations
 11335 | D:9      | Reached skill level 5 in Hexes
 11335 | D:9      | Reached skill level 5 in Summonings
 11335 | D:9      | Reached skill level 5 in Necromancy
 11335 | D:9      | Reached skill level 5 in Translocations
 11335 | D:9      | Reached skill level 5 in Transmutations
 11335 | D:9      | Reached skill level 5 in Fire Magic
 11335 | D:9      | Reached skill level 5 in Ice Magic
 11335 | D:9      | Reached skill level 5 in Air Magic
 11335 | D:9      | Reached skill level 5 in Earth Magic
 11335 | D:9      | Reached skill level 5 in Poison Magic
 11365 | D:9      | Found a shimmering altar of Xom.
 11690 | D:9      | Found a basalt altar of Yredelemnul.
 11781 | D:9      | Corrupted D:9
 11781 | D:9      | Noticed a sun demon
 11781 | D:9      | Noticed a sixfirhy
 11781 | D:9      | Noticed a starcursed mass
 11786 | D:9      | Killed an ice dragon
 11788 | D:9      | Killed an ice dragon
 11790 | D:9      | Killed a fire dragon
 11792 | D:9      | Killed a fire dragon
 11799 | D:9      | Noticed a tentacled starspawn
 11805 | D:9      | Noticed a rakshasa
 12064 | D:10     | Entered Level 10 of the Dungeon
 12079 | D:10     | Noticed Sonja
 12989 | D:10     | Noticed Nergalle
 13013 | D:10     | HP: 2/89 [orc warrior/+0 war axe (16)]
 13016 | D:10     | Corrupted D:10
 13016 | D:10     | Noticed a starcursed mass
 13016 | D:10     | Noticed a thrashing horror
 13023 | D:10     | Killed Nergalle
 13036 | D:10     | Mangled by an ogre

Illustrated notes

Levels and vault maps discovered:
D:1:      dpeg_arrival_shelter, layout_rooms
D:2:      layout_loops_ring
D:3:      layout_basic, bloody_trog, uniq_ijyb
D:4:      layout_basic, cheibriados_altar_1, nicolae_overflow_hidden_temple,
          uniq_purgy, uniq_blork_the_orc, uniq_sigmund
D:5:      layout_cave_pods, minmay_temple_entry_offerings
D:6:      layout_loops_ring, grunt_dithmenos_shadows, kennysheep_mini_moat,
          portal_sewer_entry_a, uniq_eustachio, uniq_pikel, uniq_edmund,
          uniq_crazy_yiuf_cottage
D:7:      layout_gridville, st_stairs_9, uniq_harold, uniq_prince_ribbit1
D:8:      minmay_distorted_concentric_squares, layout_cave_pools, basic_altar
D:9:      layout_loops_ring, lemuel_zombie_altar_yredelemnul, xom_shifter_show,
          minmay_guarded_unrand_resistance
D:10:     layout_roguey, serial_shops, shop, minmay_hedge_maze, kennysheep_nub,
          uniq_sonja, uniq_gastronok, uniq_nergalle

Skill      XL: |  1  2  3  4  5  6  7  8  9 10 11 |
---------------+----------------------------------+-----
Short Blades   | 1 2 3 4 5 6 |  6.1
Long Blades    | 1 2 3 4 5 6 |  6.1
Maces & Flails | 1 2 3 4 5 6 |  6.1
Polearms       | 1 2 3 4 5 6 |  6.1
Staves         | 1 2 3 4 5 6 |  6.1
Slings         | 1 2 3 4 5 6 |  6.1
Bows           | 1 2 3 4 5 6 |  6.1
Crossbows      | 1 2 3 4 5 6 |  6.1
Throwing       | 1 2 3 4 5 6 |  6.1
Stealth        | 1 2 3 4 5 6 |  6.1
Shields        | 1 2 3 4 5 6 |  6.1
Unarmed Combat | 1 2 3 4 5 6 |  6.1
Spellcasting   | 1 2 3 4 5 6 |  6.1
Evocations     | 1 2 3 4 5 6 |  6.1
Conjurations   | 1 2 3 4 5 |  5.1
Hexes          | 1 2 3 4 5 |  5.1
Summonings     | 1 2 3 4 5 |  5.1
Necromancy     | 1 2 3 4 5 |  5.1
Translocations | 1 2 3 4 5 |  5.1
Transmutations | 1 2 3 4 5 |  5.1
Fire Magic     | 1 2 3 4 5 |  5.1
Ice Magic      | 1 2 3 4 5 |  5.1
Air Magic      | 1 2 3 4 5 |  5.1
Earth Magic    | 1 2 3 4 5 |  5.1
Poison Magic   | 1 2 3 4 5 |  5.1
Dodging        | 3 4 5 6 |  6.7
Axes           | 5 6 7 |  7.7
Armour         | 5 6 7 |  7.7
Invocations    | 5 6 7 8 |  8.2
Fighting       | 7 8 9 |  9.1

Action                   |  1- 3 |  4- 6 |  7- 9 | 10-12 || total
-------------------------+-------+-------+-------+-------++-------
Melee: Hand axe          |   102 |   197 |    81 |       ||   380
       Bite              |     9 |    32 |    79 |    59 ||   179
       Flail             |       |       |   349 |   437 ||   786
       Punch             |       |       |     8 |    11 ||    19
Invok: Depart the Abyss  |     1 |       |       |       ||     1
       Bend Space        |       |       |     1 |     2 ||     3
       Banish            |       |       |     1 |     1 ||     2
       Corrupt           |       |       |       |     2 ||     2
Evoke: Wand              |       |       |     1 |     1 ||     2
  Use: Potion            |     2 |       |       |     7 ||     9
       Scroll            |     2 |     7 |    12 |    15 ||    36
Armor: Ring mail         |    40 |    56 |       |       ||    96
       Plate armour      |       |    47 |   258 |       ||   305
       Chain mail        |       |       |   160 |   495 ||   655
Dodge: Dodged            |    83 |   110 |   301 |   440 ||   934
Block: Kite shield       |       |       |       |    64 ||    64

Table legend: (Time is in decaauts)
 A = Elapsed time spent in this place.
 B = Non-inter-level travel time spent in this place.
 C = Inter-level travel time spent in this place.
 D = Time resting spent in this place.
 E = Time spent auto-exploring this place.
 F = Levels seen in this place.
 G = Mean time per level.
                   A        B        C        D        E       F      G
               +--------+--------+--------+--------+--------+-----+--------+
         Total |  13259 |  12989 |    270 |   4084 |   5952 |  12 | 1104.9 |
       Dungeon |  12704 |  12434 |    270 |   3912 |   5709 |  10 | 1270.4 |
         Abyss |    221 |    221 |      0 |     34 |    134 |   1 |  221.0 |
         Sewer |    333 |    333 |      0 |    138 |    109 |   1 |  333.0 |
               +--------+--------+--------+--------+--------+-----+--------+

Top non-repeatable levels by time:
     D:6: 2055 daAuts
     D:9: 1956 daAuts
     D:4: 1711 daAuts
     D:3: 1278 daAuts
     D:5: 1095 daAuts
    D:10: 992 daAuts
     D:2: 982 daAuts
     D:1: 957 daAuts
     D:8: 894 daAuts
     D:7: 781 daAuts
   Sewer: 333 daAuts
 Abyss:1: 221 daAuts
